 Dungeon Sprint DCSS version 0.19.1 (webtiles) character file.

48 equalderp2856 the Gouger (level 3, -6/18 HPs)
             Began as a Felid Fighter on Dec 1, 2016.
             Was an Initiate of Gozag.
             Mangled by Urug
             ... wielding a +4 double sword
              (18 damage)
             ... in the Dungeon (Sprint IX: "|||||||||||||||||||||||||||||").
             The game lasted 00:01:05 (469 turns).

equalderp2856 the Gouger (Felid Fighter)             Turns: 469, Time: 00:01:05

Health: -6/18      AC:  3    Str: 13    XL:     3   Next: 50%
Magic:  4/4        EV: 23    Int:  9    God:    Gozag
Gold:   0          SH:  0    Dex: 18    Spells: 0 memorised, 2 levels left
                                        Lives:  0   Deaths: 1

rFire  . . .     SeeInvis +       - Unarmed
rCold  . . .     Gourm    .     (armour unavailable)
rNeg   . . .     Faith    .     (shield unavailable)
rPois  .         Spirit   .     (helmet unavailable)
rElec  .         Reflect  .     (cloak unavailable)
rCorr  .         Harm     .     (gloves unavailable)
MR     .....     NoTele   +     (boots unavailable)
Stlth  ++........               (no amulet)
                                n - +3 ring of dexterity
                                m - +2 ring of protection

@: quick
A: no armour, no weapons or thrown items, stealth, claws 1, fangs 3, see
invisible, carnivore 3, speed 1, shaggy fur 1, slow metabolism 1, sharp paws
a: Potion Petition, Call Merchant, Bribe Branch, Renounce Religion


You were in the Dungeon.
You worshipped Gozag.
Gozag was noncommittal.
You were not hungry.

You visited 1 branch

Inventory:

Jewellery
 m - a +2 ring of protection (left paw)
 n - a +3 ring of dexterity (right paw)
Wands
 l - a wand of acid (7/15)
Scrolls
 h - 2 scrolls of blinking
 j - 3 scrolls of remove curse
 k - 2 scrolls of amnesia
Potions
 a - a potion of might
 c - 5 potions of curing
 d - 3 potions of heal wounds
 e - a potion of haste
 f - 4 potions of magic
 g - a potion of berserk rage
 i - a potion of invisibility
Comestibles
 b - a meat ration


   Skills:
 + Level 4.6 Fighting
 + Level 6.8 Dodging
 + Level 1.1 Stealth
 + Level 8.1 Unarmed Combat


You had 2 spell levels left.
You didn't know any spells.

Dungeon Overview and Level Annotations

Branches:
Dungeon (1/1)

Altars:
Cheibriados
Dithmenos
Elyvilon
Fedhas
Gozag
Hepliaklqana
Kikubaaqudgha
Makhleb
Nemelex Xobeh
Okawaru
Qazlal
Ru
Sif Muna
Trog
Uskayaw
Vehumet
Xom
Yredelemnul
Zin
The Shining One
Beogh
Jiyva
Lugonu

Annotations:
D Urug


Innate Abilities, Weirdness & Mutations

You cannot wear armour.
You are incapable of wielding weapons or throwing items.
Your paws allow you to move quietly. (Stealth)
You have sharp claws.
You have razor-sharp teeth.
You have supernaturally acute eyesight. (SInv)
You are carnivorous and can eat meat at any time.
You cover ground quickly.
You are covered in fur. (AC +1)
You have a slow metabolism.
Your sharp claws are effective at attacking unaware monsters.


Message History

Unknown command.
The hill giant hits you with a giant spiked club!!
Ouch! That really hurt!
You die...
You are now level 3!
You rejoin the land of the living...
Unknown command.
Unknown command.
Urug the Orcish Ballista comes into view.
She is wielding an enchanted double sword.
Urug shouts!
Urug throws a javelin.
The javelin closely misses you.
Urug throws a javelin.
The javelin barely misses you.
Urug throws a javelin.
The javelin hits you.
You see here a javelin.
Urug throws a javelin.
The javelin barely misses you.
You barely miss Urug.
Urug hits you with an enchanted double sword!!
Ouch! That really hurt!
You die...
Your body crumbles into a pile of gold.

▓[▓
▓.▓
▓[▓
▓.▓$
▓[▓
▓(▓
▓(▓
▓.▓$
▓|▓
▓.▓$
▓.▓
▓.▓$
▓.▓
▓(▓$
▓'▓
▓.▓$
▓.▓
▓@▓
▓_▓
▓o▓$
▓_▓
▓.▓$
▓_▓
▓.▓$
▓_▓
▓.▓$
▓_▓
▓.▓$
▓_▓
▓.▓$
▓_▓
▓.▓$
▓_▓
$


You could see Urug.

Vanquished Creatures
  A centaur (D)
  3 adder skeletons (D)
  2 dart slugs (D)
  2 giant cockroaches (D)
  2 goblins (D)
  A jackal skeleton (D)
11 creatures vanquished.

Notes
Turn   | Place    | Note
-------+----------+-------------------------------------------
     0 | D        | equalderp2856 the Felid Fighter began the quest for the Orb.
     0 | D        | Reached XP level 1. HP: 10/10 MP: 2/2
    19 | D        | Reached skill level 5 in Unarmed Combat
    19 | D        | Reached XP level 2. HP: 3/14 MP: 3/3
   320 | D        | Reached skill level 5 in Dodging
   394 | D        | Found a roughly hewn altar of Beogh.
   394 | D        | Found a snail-covered altar of Cheibriados.
   394 | D        | Found a shadowy altar of Dithmenos.
   394 | D        | Found a white marble altar of Elyvilon.
   394 | D        | Found a blossoming altar of Fedhas.
   394 | D        | Found an opulent altar of Gozag.
   395 | D        | Found a hazy altar of Hepliaklqana.
   396 | D        | Found a viscous altar of Jiyva.
   397 | D        | Found an ancient bone altar of Kikubaaqudgha.
   398 | D        | Found a corrupted altar of Lugonu.
   399 | D        | Found a burning altar of Makhleb.
   400 | D        | Found a sparkling altar of Nemelex Xobeh.
   401 | D        | Found an iron altar of Okawaru.
   402 | D        | Found a stormy altar of Qazlal.
   403 | D        | Found a sacrificial altar of Ru.
   406 | D        | Became a worshipper of Gozag Ym Sagoz the Greedy
   409 | D        | Found a deep blue altar of Sif Muna.
   410 | D        | Found a bloodstained altar of Trog.
   411 | D        | Found a hide-covered altar of Uskayaw.
   412 | D        | Found a radiant altar of Vehumet.
   413 | D        | Found a shimmering altar of Xom.
   414 | D        | Found a basalt altar of Yredelemnul.
   415 | D        | Found a glowing silver altar of Zin.
   416 | D        | Found a glowing golden altar of the Shining One.
   443 | D        | Noticed an ogre
   443 | D        | Noticed a hill giant
   443 | D        | Noticed a centaur
   448 | D        | Killed a centaur
   448 | D        | Reached skill level 1 in Stealth
   448 | D        | Reached skill level 8 in Unarmed Combat
   448 | D        | Reached XP level 3. HP: 18/18 MP: 4/4
   448 | D        | Reached XP level 4. HP: 22/22 MP: 5/5
   449 | D        | Mangled by a hill giant
   450 | D        | Reached XP level 3. HP: -13/18 MP: 4/4
   462 | D        | Noticed Urug
   469 | D        | Mangled by Urug

Skill      XL: |  1  2 |
---------------+-------+-----
Unarmed Combat | 5 8 |  8.1
Dodging        | 6 |  6.8
Fighting       | 4 |  4.6
Stealth        | 1 |  1.1

Action                   |  1- 3 |  4- 6 || total
-------------------------+-------+-------++-------
Melee: Unarmed           |    45 |       ||    45
       Bite              |     6 |       ||     6
Armor: Skin              |     1 |       ||     1
Dodge: Dodged            |    34 |       ||    34
